 Dungeon Crawl Stone Soup version 0.30.0-20-g3615ddf2f0 (webtiles) character file.

Game seed: 16049896077594280125

96 qw the Chopper (level 4, -1/28 HPs)
             Began as a Gargoyle Fighter on May 27, 2023.
             Slain by a gnoll bouda
             ... wielding a +0 whip
              (7 damage)
             ... on level 3 of the Dungeon.
             The game lasted 00:00:39 (1373 turns).

qw the Chopper (Gargoyle Fighter)                   Turns: 1373, Time: 00:00:39

Health: -1/28      AC: 11    Str: 21    XL:     4   Next: 67%
Magic:  4/4        EV:  9    Int:  9    God:
Gold:   124        SH:  4    Dex:  9    Spells: 3/3 levels left

rFire   . . .        Y - +0 war axe
rCold   . . .        c - +0 buckler
rNeg    + . .        b - +0 scale mail
rPois   inf          (no helmet)
rElec   +            (no cloak)
rCorr   .            (no gloves)
SInv    .            a - +0 pair of boots
Will    .....        (no amulet) Stlth
                     (no ring)
HPRegen 0.24/turn    (no ring)
MPRegen 0.09/turn

%: no passive effects
@: no status effects
A: sickness immunity, AC +3, negative energy resistance 1, electricity
resistance, torment resistance 1, petrification resistance
a: no special abilities


You were on level 3 of the Dungeon.
You visited 1 branch of the dungeon, and saw 3 of its levels.

You collected 124 gold pieces.


Innate Abilities, Weirdness & Mutations

You are immune to sickness and miasma.
Your stone body is resilient. (AC +3)
You are immune to poison.
You resist negative energy. (rN+)
You are resistant to electric shocks. (rElec)
You are resistant to unholy torment.
You are immune to petrification.


   Skills:
 - Level 3.2 Fighting
 + Level 4.3 Axes
 - Level 3.2 Armour
 - Level 3.2 Shields


You had 3 spell levels left.
You didn't know any spells.
Your spell library was empty.

Inventory:

Hand Weapons
 f - a +0 whip
 Y - a +0 war axe (weapon)
Armour
 a - a +0 pair of boots (worn)
 b - a +0 scale mail (worn)
 c - a +0 buckler (worn)
Jewellery
 i - a ring of ice
Scrolls
 e - a scroll of teleportation {unknown}
 g - a scroll of identify
Potions
 d - 3 potions of might
 h - a potion of degeneration {unknown}

Dungeon Overview and Level Annotations

Branches:
Dungeon (3/15)

Altars:

Shops:
D:2 [


Message History

The gnoll barely misses you.
The hobgoblin hits you but does no damage.
The gnoll completely misses you.
The gnoll bouda hits you with a +0 whip.
The hobgoblin hits you but does no damage.
You closely miss the hobgoblin.
The hobgoblin is almost dead.
You hit the gnoll bouda.
The gnoll hits you from afar with a +0 halberd.
The gnoll bouda hits you but does no damage.
The hobgoblin hits you but does no damage.
You closely miss the hobgoblin.
The hobgoblin is almost dead.
You barely miss the gnoll bouda. You block the gnoll's attack.
You block the gnoll bouda's attack. The hobgoblin closely misses you.
You slash the hobgoblin!
You kill the hobgoblin!
You hit the gnoll bouda but do no damage.
The gnoll hits you from afar with a +0 halberd!
The gnoll bouda closely misses you. The gnoll hits you but does no damage.
1370 ||| DRINKING potion of heal wounds.
You feel much better.
Your attacks no longer feel as feeble.
The gnoll bouda closely misses you.
The gnoll hits you from afar with a +0 halberd!
You hit the gnoll bouda.
The gnoll bouda is lightly wounded.
The gnoll bouda closely misses you.
The gnoll hits you from afar with a +0 halberd.
You block the gnoll bouda's attack.
You slash the gnoll bouda!
The gnoll bouda is heavily wounded.
The gnoll hits you but does no damage.
The gnoll bouda hits you with a +0 whip!
You hit the gnoll bouda but do no damage.
The gnoll bouda is heavily wounded.
The gnoll hits you from afar with a +0 halberd.
The gnoll bouda hits you with a +0 whip!
You die...

#########
#.......# #####
#.......##
....##<........
##..).......##
#..)).........
......###.@%.....P
##### #.)gg.....
#.........
#.........
#.....P...
####..P... .....P
......


You could see a gnoll bouda and a gnoll (swift).

Vanquished Creatures
  6 gnolls (D:3)
  2 bats
  3 endoplasms
  4 goblins
  6 hobgoblins
  A quokka (D:1)
  7 ball pythons
  2 frilled lizards
  3 kobolds
  4 rats
38 creatures vanquished.

Notes
Turn   | Place    | Note
-------+----------+-------------------------------------------
     0 | D:1      | qw the Gargoyle Fighter began the quest for the Orb.
     0 | D:1      | Reached XP level 1. HP: 14/14 MP: 1/1
     0 | D:1      | 0 ||| qw: Version: 0.2-a-99-gce666ed
     0 | D:1      | 0 ||| qw: Game counter: 123
     0 | D:1      | 0 ||| qw: Always use a shield: true
     0 | D:1      | 0 ||| qw: God list: Okawaru
     0 | D:1      | 0 ||| qw: Allow faded altars: false
     0 | D:1      | 0 ||| qw: Do Orc after D:15 true
     0 | D:1      | 0 ||| qw: Do second Lair branch before Depths: true
     0 | D:1      | 0 ||| qw: Lair rune preference: random
     0 | D:1      | 0 ||| qw: Plans: Normal, Zot:1-4, God:TSO, Crypt, Tomb,
                  | Pan, Slime:5, Hells, Abyss, Win
     0 | D:1      | 0 ||| PLANNING D:1-11
    56 | D:1      | 56 ||| Stepping ~*~*~tactically~*~*~ (hiding).
   203 | D:1      | Reached skill level 2 in Axes
   316 | D:1      | Reached XP level 2. HP: 19/19 MP: 2/2
   663 | D:1      | 663 ||| READING scroll labelled HARHEXIRUAM.
   664 | D:1      | 664 ||| READING scroll labelled OLO ZOIMIEL.
   665 | D:1      | 665 ||| READING scroll labelled HIGEYG IMIHINI.
   710 | D:2      | Found Jutsynku's Antique Armour Emporium.
   730 | D:2      | 730 ||| SHOPLISTING glowing plate armour (546 gold, have
                  | 64).
   730 | D:2      | 730 ||| SHOPLISTING pair of polished boots (199 gold, have
                  | 64).
   730 | D:2      | 730 ||| SHOPLISTING plate armour (483 gold, have 64).
   730 | D:2      | 730 ||| SHOPLISTING runed plate armour (546 gold, have 64).
   730 | D:2      | 730 ||| SHOPLISTING twisted leather armour (147 gold, have
                  | 64).
   820 | D:2      | Reached skill level 3 in Axes
   893 | D:2      | 893 ||| Stepping ~*~*~tactically~*~*~ (hiding).
   894 | D:2      | 894 ||| Stepping ~*~*~tactically~*~*~ (hiding).
   908 | D:2      | 908 ||| Stepping ~*~*~tactically~*~*~ (stealth).
  1171 | D:2      | 1171 ||| UPGRADING to +0 pair of boots.
  1176 | D:2      | 1176 ||| READING scroll labelled CULOWE YTHUNK.
  1177 | D:2      | 1177 ||| DRINKING 3 yellow potions.
  1178 | D:2      | 1178 ||| DRINKING 2 amethyst potions.
  1179 | D:2      | 1179 ||| DROPPING 2 potions of brilliance.
  1223 | D:3      | Reached XP level 3. HP: 23/23 MP: 3/3
  1251 | D:3      | 1251 ||| Stepping ~*~*~tactically~*~*~ (stealth).
  1270 | D:3      | Reached XP level 4. HP: 15/28 MP: 4/4
  1357 | D:3      | Reached skill level 4 in Axes
  1369 | D:3      | HP: 4/28 [gnoll/+0 halberd[a gnoll bouda] (9)]
  1370 | D:3      | 1370 ||| DRINKING potion of heal wounds.
  1373 | D:3      | Slain by a gnoll bouda

Levels and vault maps discovered:
D:1:      lemuel_arrival_tunnels, layout_loops_ring, serial_glass,
          glass_columns_a, glass_columns_a, glass_columns_b, glass_columns_a,
          glass_columns_b, glass_columns_a, minmay_tetromino_t2
D:2:      layout_basic, serial_shops, shop_statue
D:3:      minmay_chambers_of_threes, layout_rooms, bloody_makhleb,
          mainiacjoe_overflow_surrounded_room,
          hellmonk_ecumenical_altar_arch_garden, nicolae_grassy_gnolls

Skill      XL: |  1  2  3  4 |
---------------+-------------+-----
Axes           | 2 3 4 |  4.3
Fighting       | |  3.2
Armour         | |  3.2
Shields        | |  3.2

Action                     |  1- 3 |  4- 6 || total
---------------------------+-------+-------++-------
  Melee: War axe           |    95 |    25 ||   120
    Use: Scroll            |     4 |       ||     4
         Potion            |     2 |     1 ||     3
 Armour: Scale mail        |    42 |    13 ||    55
  Dodge: Dodged            |    44 |    24 ||    68
  Block: Buckler           |    20 |     6 ||    26

Table legend:
 A = Non-vault XP
 B = Vault XP
 C = Vault XP percentage of total XP
 D = Non-vault monster count
 E = Vault monster count
 F = Vault count percentage of total count
                 A         B        C        D         E       F
            +---------+---------+-------+---------+---------+-------
      Total |      94 |      44 |  31.9 |      34 |       4 |  10.5
            +---------+---------+-------+---------+---------+-------
        D:1 |      24 |       1 |   4.0 |      15 |       1 |   6.2
        D:2 |       8 |       0 |   0.0 |       5 |       0 |   0.0
        D:3 |      62 |      43 |  41.0 |      14 |       3 |  17.6
            +---------+---------+-------+---------+---------+-------
